 Dungeon Crawl Stone Soup version 0.27-a0-170-g607d9e9d85 (webtiles) character file.

Game seed: 15368448309118958128

177 dickylongcocking the Chopper (level 5, -3/72 HPs)
             Began as a Palentonga Fighter on Jan 28, 2021.
             Slain by a lemure (5 damage)
             ... led by Pikel
             ... on level 3 of the Dungeon on Jan 29, 2021.
             The game lasted 00:03:31 (1875 turns).

dickylongcocking the Chopper (Palentonga Fighter)   Turns: 1875, Time: 00:03:32

Health: -3/72      AC:  7    Str: 20    XL:     5   Next: 31%
Magic:  5/5        EV:  5    Int:  8    God:
Gold:   103        SH:  8    Dex: 10    Spells: 4/4 levels left

rFire    . . .     SeeInvis +   a - +0 war axe
rCold    . . .     Faith    .   c - +0 kite shield
rNeg     . . .     Spirit   .   b - +0 scale mail
rPois    .         Reflect  .   (no helmet)
rElec    .         Harm     .   (no cloak)
rCorr    .         Rampage  .   k - +0 pair of gloves
Will     .....                  (no barding)
Stlth    ..........             (no amulet)
HPRegen  0.22/turn              (no ring)
MPRegen  0.09/turn              (no ring)

@: berserking, attractive, very quick
A: large, talons 1, rugged brown scales 3, see invisible, deformed body, wild
magic 1, roll 1, armoured tail
a: Rolling Charge


You were on level 3 of the Dungeon.
You visited 1 branch of the dungeon, and saw 4 of its levels.

You collected 103 gold pieces.

Inventory:

Hand Weapons
 a - a +0 war axe (weapon)
Armour
 b - a +0 scale mail (worn)
 c - a +0 kite shield (worn)
 k - a +0 pair of gloves (worn)
Jewellery
 e - an uncursed ring of poison resistance {unknown}
Scrolls
 d - 3 scrolls of fog {unknown}
 g - 3 scrolls of identify {unknown}
 h - 3 scrolls of remove curse {unknown}
 l - a scroll of teleportation {unknown}
 m - a scroll of enchant weapon {unknown}
 n - a scroll of amnesia {unknown}
Potions
 f - a potion of attraction


   Skills:
 - Level 3.0 Fighting
 * Level 5.6 Axes
 - Level 2.4 Armour
 - Level 2.4 Shields


You had 4 spell levels left.
You didn't know any spells.
Your spell library was empty.

Dungeon Overview and Level Annotations

Branches:
Dungeon (4/15)
 Temple: D:4-7

Altars:
Wu Jian
Yredelemnul

Annotations:
D:4 Pikel


Innate Abilities, Weirdness & Mutations

You are completely covered in rugged brown scales. (AC +3, +7% HP)
You have supernaturally acute eyesight. (SInv)
Armour fits poorly on your strangely shaped body.
You can roll at nearby foes to attack.
You have a long armoured tail.
You have sharp toenails.
Your spells are a little harder to cast, but a little more powerful.


Message History

You block the lemure's attack.
Unknown command.
You slash the lemure!
Your tail-slap misses the lemure.
The lemure is severely wounded.
The lemure hits you!
* * * LOW HITPOINT WARNING * * *
Your magical contamination has completely faded away.
Unknown command.
It was a potion of attraction.
You feel attractive to monsters. The lemure hits you.
* * * LOW HITPOINT WARNING * * *
It was a potion of mutation.
You feel extremely strange.
Your toenails lengthen and sharpen.
You feel frail.
You feel robust.
You feel less in control of your magic. The lemure barely misses you.
It was a potion of berserk rage.
A red film seems to cover your vision as you go berserk!
You feel yourself moving faster!
You feel mighty! The lemure hits you.
You die...

#.. #.#
... #.#
... #.# #
#†#.##
#@)..#
#.5...#
##.......
#.####.
.# .. ##


You could see a lemure.

Vanquished Creatures
  Natasha (thrice) (D:2)
  2 adders (D:2)
  3 worms (D:2)
  4 dart slugs
  5 leopard geckos
  11 bats
  2 giant cockroaches
  2 goblins (D:1)
  7 hobgoblins
  12 jackals (D:1)
  A ball python (D:1)
  2 frilled lizards
  8 kobolds
  2 rats (D:2)
64 creatures vanquished.

Notes
Turn   | Place    | Note
-------+----------+-------------------------------------------
     0 | D:1      | dickylongcocking the Palentonga Fighter began the quest for
                  | the Orb.
     0 | D:1      | Reached XP level 1. HP: 20/20 MP: 1/1
   258 | D:1      | Reached XP level 2. HP: 27/27 MP: 2/2
   267 | D:1      | Reached skill level 3 in Axes
   346 | D:1      | Upgraded the game from 0.27-a0-156-gbcd94eb011 to
                  | 0.27-a0-170-g607d9e9d85
   494 | D:1      | Reached XP level 3. HP: 24/33 MP: 3/3
   642 | D:1      | You fall into a shaft and drop 1 floor!
   859 | D:1      | Reached skill level 4 in Axes
  1230 | D:2      | Found an ornate altar of the Wu Jian Council.
  1232 | D:2      | Found a basalt altar of Yredelemnul.
  1241 | D:2      | Reached XP level 4. HP: 29/40 MP: 4/4
  1483 | D:2      | Noticed Natasha
  1493 | D:2      | Killed Natasha
  1494 | D:2      | Reached skill level 5 in Axes
  1621 | D:2      | Noticed Natasha
  1631 | D:2      | Killed Natasha
  1632 | D:2      | Reached XP level 5. HP: 39/48 MP: 5/5
  1666 | D:2      | Noticed Natasha
  1669 | D:2      | Killed Natasha
  1838 | D:2      | You fall into a shaft and drop 2 floors!
  1845 | D:4      | Noticed a lemure
  1845 | D:4      | Noticed a lemure
  1847 | D:4      | Noticed Pikel
  1849 | D:4      | Noticed a lemure
  1850 | D:4      | Noticed a lemure
  1872 | D:3      | HP: 1/48 [lemure[Pikel] (7)]
  1874 | D:3      | Gained mutation: You have sharp toenails. [potion of
                  | mutation]
  1874 | D:3      | Gained mutation: You are frail. (-10% HP) [potion of
                  | mutation]
  1874 | D:3      | Lost mutation: You are frail. (-10% HP) [potion of
                  | mutation]
  1874 | D:3      | Gained mutation: Your spells are a little harder to cast,
                  | but a little more powerful. [potion of mutation]
  1875 | D:3      | Slain by a lemure

Illustrated notes

Levels and vault maps discovered:
D:1:      nzn_arrival_depleted_hourglass, layout_loops_ring
D:2:      layout_rooms, nicolae_overflow_hidden_temple, uniq_natasha
D:3:      layout_loops_ring, amethyst_overflow_temple_binary,
          cheibrodos_ashenzari_chains, kennysheep_generic_room_2
D:4:      layout_basic, enter_ossuary_5, sigmund_edmund_badplayer, uniq_pikel

Skill      XL: |  1  2  3  4 |
---------------+-------------+-----
Axes           | 3 4 5 |  5.6
Fighting       | |  3.0
Armour         | |  2.4
Shields        | |  2.4

Action                   |  1- 3 |  4- 6 || total
-------------------------+-------+-------++-------
Melee: War axe           |   131 |    51 ||   182
       Tailslap          |    12 |     7 ||    19
 Abil: Rolling Charge    |    21 |     3 ||    24
  Use: Potion            |       |     5 ||     5
 Stab: Invisible         |       |     1 ||     1
Armor: Scale mail        |    92 |    40 ||   132
Dodge: Dodged            |    24 |    20 ||    44
Block: Kite shield       |    75 |    28 ||   103

Table legend: (Time is in decaauts)
 A = Elapsed time spent in this place.
 B = Non-inter-level travel time spent in this place.
 C = Inter-level travel time spent in this place.
 D = Time resting spent in this place.
 E = Time spent auto-exploring this place.
 F = Levels seen in this place.
 G = Mean time per level.
                   A        B        C        D        E       F      G
               +--------+--------+--------+--------+--------+-----+--------+
         Total |   1979 |   1911 |     68 |      0 |   1400 |   4 |  494.8 |
       Dungeon |   1979 |   1911 |     68 |      0 |   1400 |   4 |  494.8 |
               +--------+--------+--------+--------+--------+-----+--------+

Top non-repeatable levels by time:
     D:1: 1173 daAuts
     D:2: 765 daAuts
     D:4: 27 daAuts
     D:3: 12 daAuts
